 Dungeon Crawl Stone Soup version 0.26-a0-540-g8a0c9464d7 (webtiles) character file.

Game seed: 7361187076862072504

44 kobby the Covered (level 3, 0/29 HPs)
             Began as a Human Fighter on Aug 22, 2020.
             Slain by a worm (8 damage)
             ... on level 2 of the Dungeon.
             The game lasted 00:02:29 (1020 turns).

kobby the Covered (Human Fighter)                   Turns: 1020, Time: 00:02:29

Health: 0/29       AC:  6    Str: 16    XL:     3   Next: 87%
Magic:  3/3        EV:  6    Int:  8    God:
Gold:   111        SH:  9    Dex: 19    Spells: 2/2 levels left

rFire    . . .     SeeInvis +   a - +0 long sword
rCold    . . .     Faith    .   c - +0 kite shield
rNeg     . . .     Spirit   .   b - +0 scale mail
rPois    .         Reflect  .   (no helmet)
rElec    .         Harm     .   j - scarf {+Inv}
rCorr    .                      (no gloves)
MR       .....                  (no boots)
Stlth    ..........             (no amulet)
HPRegen  0.09/turn              h - +6 ring of dexterity
MPRegen  0.08/turn              g - ring of see invisible

@: no status effects
A: no striking features
a: Evoke Invisibility


You were on level 2 of the Dungeon.
You visited 1 branch of the dungeon, and saw 2 of its levels.

You collected 111 gold pieces.

Inventory:

Hand Weapons
 a - a +0 long sword (weapon)
Armour
 b - a +0 scale mail (worn)
 c - a +0 kite shield (worn)
 j - a scarf of invisibility (worn)
Jewellery
 e - an uncursed ring of flight
 g - a ring of see invisible (right hand)
 h - a +6 ring of dexterity (left hand)
Scrolls
 f - 3 scrolls of identify {unknown}
 m - a scroll of noise {unknown}
Potions
 d - 2 potions of might
 i - a potion of lignification {unknown}
 k - a potion of berserk rage {unknown}
 l - a potion of ambrosia {unknown}


   Skills:
 + Level 3.3 Fighting
 + Level 2.6 Long Blades
 + Level 3.5 Armour
 + Level 3.3 Shields


You had 2 spell levels left.
You didn't know any spells.
Your spell library was empty.

Dungeon Overview and Level Annotations

Branches:
Dungeon (2/15)

Altars:
Xom


Message History

The worm bites you but does no damage.
You slash the worm!
The worm is severely wounded.
The worm bites you!
You hit the worm but do no damage.
The worm is severely wounded.
You barely miss the worm.
The worm is severely wounded.
The worm bites you.
You hit the worm.
The worm is almost dead.
The worm bites you but does no damage.
You barely miss the worm.
The worm is almost dead.
The worm bites you.
* * * LOW HITPOINT WARNING * * *
You barely miss the worm.
The worm is severely wounded.
The worm bites you!
You die...

### #.. #.# #w#
#@# #.# #
###.#.#
+.##.....#
#....#.#.#
####.#.....
#.#######
#.##.##
#.####.#...####


You could see a worm.

Vanquished Creatures
  4 leopard geckos (D:1)
  3 bats (D:1)
  3 giant cockroaches (D:1)
  3 goblins (D:1)
  2 hobgoblins (D:1)
  8 jackals (D:1)
  2 frilled lizards (D:1)
  6 kobolds (D:1)
  4 rats (D:1)
35 creatures vanquished.

Notes
Turn   | Place    | Note
-------+----------+-------------------------------------------
     0 | D:1      | kobby the Human Fighter began the quest for the Orb.
     0 | D:1      | Reached XP level 1. HP: 18/18 MP: 1/1
   117 | D:1      | Reached XP level 2. HP: 24/24 MP: 2/2
   482 | D:1      | Reached XP level 3. HP: 29/29 MP: 3/3
   893 | D:1      | Found a shimmering altar of Xom.
  1020 | D:2      | Slain by a worm

Illustrated notes

Levels and vault maps discovered:
D:1:      giann_bridges, layout_loops_ring, xom_teletrap_fun
D:2:      layout_loops_corners, grunt_temple_overflow_opulence,
          kiku_gazebo_pond_becter, uniq_crazy_yiuf_cottage

Action                   || total
-------------------------++-------
Melee: Long sword        ||   111
Armor: Scale mail        ||    49
Dodge: Dodged            ||    17
Block: Kite shield       ||    62
       Rpst.: Long sword ||     5

Table legend: (Time is in decaauts)
 A = Elapsed time spent in this place.
 B = Non-inter-level travel time spent in this place.
 C = Inter-level travel time spent in this place.
 D = Time resting spent in this place.
 E = Time spent auto-exploring this place.
 F = Levels seen in this place.
 G = Mean time per level.
                   A        B        C        D        E       F      G
               +--------+--------+--------+--------+--------+-----+--------+
         Total |   1058 |   1058 |      0 |      0 |    751 |   2 |  529.0 |
       Dungeon |   1058 |   1058 |      0 |      0 |    751 |   2 |  529.0 |
               +--------+--------+--------+--------+--------+-----+--------+

Top non-repeatable levels by time:
     D:1: 1031 daAuts
     D:2: 26 daAuts
